 Dungeon Crawl Stone Soup version 0.18-a0-833-gaaf0859 (webtiles) character file.

91 rgaf the Vexing (level 4, -1/33 HPs)
             Began as a Demonspawn Arcane Marksman on Dec 18, 2015.
             Slain by an orc wizard
             ... wielding a cursed +0 dagger
              (4 damage)
             ... on level 4 of the Dungeon.
             The game lasted 00:04:14 (2414 turns).

rgaf the Vexing (Demonspawn Arcane Marksman)        Turns: 2414, Time: 00:04:14

Health: -1/33      AC:  3    Str: 12    XL:     4   Next: 34%
Magic:  7/7        EV: 12    Int: 14    God:
Gold:   57         SH:  0    Dex: 13    Spells: 1 memorised, 6 levels left

rFire  . . .     SeeInvis .     b - +0 short sword
rCold  . . .     Gourm    .     e - +0 robe
rNeg   . . .     Faith    .     (no shield)
rPois  .         Spirit   .     (no helmet)
rElec  .         Dismiss  .     (no cloak)
rCorr  .         Reflect  .     (no gloves)
SustAt .         Harm     .     (no boots)
MR     .....                    (no amulet)
Stlth  +.........               (no ring)
                                p - +1 ring of protection

@: not resistant to hostile enchantments, very unstealthy
A: hooves 1
a: no special abilities


You were on level 4 of the Dungeon.
You were not hungry.

You visited 1 branch of the dungeon, and saw 4 of its levels.

You collected 57 gold pieces.

Inventory:

Hand Weapons
 a - a +0 hand crossbow
 b - a +0 short sword (weapon)
 l - a +0 dagger
Armour
 e - a +0 robe (worn)
Jewellery
 p - a +1 ring of protection (left hand)
Scrolls
 h - a scroll of fog {unknown}
 j - a scroll of noise {unknown}
 n - a scroll of amnesia {unknown}
 o - a scroll of enchant armour {unknown}
 q - a scroll of identify {unknown}
Potions
 g - 3 potions of heal wounds {unknown}
 i - a potion of ambrosia {unknown}
Books
 c - a book of Debilitation

   Spells                             Type                      Level
   a - Corona                         Hexes                        1
   b - Slow                           Hexes                        2
   c - Gell's Gravitas                Hexes/Translocation          3
   d - Inner Flame                    Hexes/Fire                   3
   e - Cause Fear                     Hexes                        4
   f - Leda's Liquefaction            Hexes/Earth                  4
Comestibles
 f - a bread ration
 m - a meat ration
 r - 4 fruits


   Skills:
 + Level 2.0 Fighting
 + Level 2.6 Crossbows
 - Level 1.7 Dodging
 + Level 2.1 Spellcasting
 + Level 3.6 Hexes


You had 6 spell levels left.
You knew the following spells:

 Your Spells              Type           Power        Failure   Level  Hunger
a - Corona                Hex            ##.....      6%          1    #......


Dungeon Overview and Level Annotations

Branches:
Dungeon (4/15)
 Temple: D:4-7

Altars:
Dithmenos
Sif Muna

Annotations:
D:3 Grinder
D:4 Eustachio


Innate Abilities, Weirdness & Mutations

You have large cloven feet.


Message History

The orc wizard closely misses you.
The orc wizard hits you but does no damage.
The orc wizard casts a spell.
The orc wizard blinks!
You barely miss the orc wizard.
The orc wizard is severely wounded.
The orc wizard closely misses you.
You closely miss the orc wizard.
The orc wizard is severely wounded.
The orc wizard points at you and mumbles some strange words.
The magic dart hits you!
The crimson imp blinks!
The crimson imp blinks!
You hit the orc wizard but do no damage.
The orc wizard is severely wounded.
The orc wizard casts a spell at you. The magic dart hits you!
* * * LOW HITPOINT WARNING * * *
The crimson imp spits at you.
Eustachio mumbles some strange words.
Eustachio blinks!
The orc wizard hits you with a dagger.
You die...

##..$.##.#
.......#.#
###.§.(.#
#...§_5§#
#.#.§@r.#
####5##
#b# #o#
#@# #o#
#.. ####


You could see Eustachio, 2 orc wizards, a quasit, a crimson imp, a quokka and a
bat.

Vanquished Creatures
  2 worker ants
  An adder (D:3)
  An orc (D:4)
  A ball python (D:1)
  4 giant cockroaches
  4 goblins
  3 hobgoblins
  2 jackals (D:2)
  3 bats
  2 giant newts
  4 kobolds
  6 rats
33 creatures vanquished.

Notes
Turn   | Place    | Note
--------------------------------------------------------------
     0 | D:1      | rgaf the Demonspawn Arcane Marksman began the quest for the Orb.
     0 | D:1      | Reached XP level 1. HP: 15/15 MP: 2/2
     8 | D:1      | Noticed a worker ant
     8 | D:1      | Noticed a hog
     8 | D:1      | Noticed a swamp worm
     8 | D:1      | Noticed a polar bear
     8 | D:1      | Noticed a crocodile
   470 | D:1      | Gained mutation: You have large cloven feet. [demonic ancestry]
   470 | D:1      | Reached XP level 2. HP: 21/21 MP: 4/4
  1016 | D:2      | Found a deep blue altar of Sif Muna.
  1049 | D:2      | You fall through a shaft!
  1962 | D:3      | Noticed Grinder
  1988 | D:4      | Found a shadowy altar of Dithmenos.
  1990 | D:4      | Noticed Eustachio
  2024 | D:3      | Reached XP level 3. HP: 9/26 MP: 5/5
  2394 | D:4      | Reached XP level 4. HP: 22/33 MP: 7/7
  2414 | D:4      | Slain by an orc wizard

Vault maps used:
D:1:      onia_arrival_zoo_common, serial_forest, infiniplex_forest_lined_3,
          infiniplex_forest_clump_diagonal, infiniplex_forest_clump_C,
          infiniplex_forest_zigzag_1, infiniplex_forest_lined_corner,
          minmay_misc_feat_cross
D:2:      lemuel_round_altar
D:3:      okawaru_ov_weapons_minmay, lemuel_coloured_pillars_altar,
          portal_sewer_entry_b, uniq_grinder, uniq_sigmund, uniq_natasha
D:4:      grunt_dithmenos_smoke, serial_shops, shop_coins, kennysheep_mini,
          shop, nicolae_shop_statue_plus, shop, first_bread, uniq_eustachio

Action                   |  1- 3 |  4- 6 || total
-------------------------+-------+-------++-------
Melee: Dagger            |    16 |       ||    16
       Short sword       |    74 |     7 ||    81
 Fire: Hand crossbow     |    30 |    11 ||    41
  Use: Potion            |     2 |     1 ||     3
  Eat: Chunk             |     2 |       ||     2
       Meat ration       |     1 |       ||     1
